 Dungeon Crawl Stone Soup version 0.20.1-1-g8b1a95d (webtiles) character file.

205 equalderp2856 the Ducker (level 5, -8/28 HPs)
             Began as a Spriggan Fighter on July 22, 2017.
             Killed by divine providence
             ... invoked by an orc priest
              (13 damage)
             ... on level 4 of the Dungeon.
             The game lasted 00:11:36 (5934 turns).

equalderp2856 the Ducker (Spriggan Fighter)         Turns: 5934, Time: 00:11:37

Health: -8/28      AC:  3    Str: 13    XL:     5   Next: 53%
Magic:  6/6        EV: 20    Int: 12    God:
Gold:   198        SH:  6    Dex: 15    Spells: 4/4 levels left

rFire    . . .     SeeInvis +   a - +0 rapier
rCold    . . .     Gourm    .   c - +0 buckler
rNeg     . . .     Faith    .   b - +1 robe
rPois    .         Spirit   .   (helmet restricted)
rElec    .         Reflect  .   (no cloak)
rCorr    .         Harm     .   (gloves unavailable)
MR       .....                  (boots unavailable)
Stlth    ++........             (no amulet)
Regen    0.1/turn               j - +2 ring of intelligence
MPRegen  0.1/turn               (no ring)

@: very quick
A: unfitting armour, see invisible, herbivore 3, speed 3, slow metabolism 2
a: no special abilities


You were on level 4 of the Dungeon.
You were full.

You visited 2 branches of the dungeon, and saw 5 of its levels.

You collected 198 gold pieces.

Inventory:

Hand Weapons
 a - a +0 rapier (weapon)
 k - a +0 hand axe of electrocution
 n - a +0 dagger
 q - a +0 whip
 w - a +0 short sword
 x - a +0 dagger of draining
 C - a +0 short sword
 J - a +0 short sword
 K - a +2 flail of protection
Missiles
 h - 95 bolts
 m - 131 stones (quivered)
 p - 68 sling bullets
 H - 20 arrows
 L - 3 tomahawks
Armour
 b - a +1 robe (worn)
 c - a +0 buckler (worn)
 l - a cursed -1 chain mail
 I - a +0 robe
Jewellery
 j - a +2 ring of intelligence (left hand)
 y - an uncursed ring of wizardry {unknown}
 z - an uncursed ring of fire {unknown}
Wands
 M - a wand of iceblast (15/15)
Scrolls
 i - a scroll of remove curse
 o - a scroll of recharging
 r - a scroll of enchant armour
 u - 6 scrolls of identify {unknown}
 v - 2 scrolls of teleportation
 A - a scroll of enchant weapon {unknown}
 E - a scroll of fear {unknown}
 G - a scroll of blinking {unknown}
Potions
 d - 2 potions of might
 g - a potion of haste
 s - a potion of curing
 B - a potion of heal wounds {unknown}
 D - a potion of flight {unknown}
Comestibles
 f - 2 bread rations
 F - 2 fruits


   Skills:
 + Level 2.9 Fighting
 + Level 4.1 Short Blades
 + Level 5.9 Dodging
 + Level 2.4 Stealth
 + Level 2.7 Shields


You had 4 spell levels left.
You didn't know any spells.

Dungeon Overview and Level Annotations

Branches:
Dungeon (4/15)             Temple (1/1) D:4

Altars:
Ashenzari
Cheibriados
Dithmenos
Elyvilon
Gozag
Hepliaklqana
Kikubaaqudgha
Makhleb
Nemelex Xobeh
Ru
Sif Muna
Trog
Uskayaw
Yredelemnul
Zin
The Shining One


Innate Abilities, Weirdness & Mutations

You are very small and have problems with some larger weapons.
You are too small for most types of armour.
You have supernaturally acute eyesight. (SInv)
You are a herbivore.
You cover ground extremely quickly.
You need consume almost no food.


Message History

Found a scroll of teleportation.
Found a mace.
There is a stone staircase leading up, spattered with blood here.
There is a stone staircase leading up here.
HP restored.
There is a stone staircase leading up here.
The ogre closely misses you.
You hit the ogre.
The ogre is lightly wounded.
The ogre hits you with a giant club!!
Ouch! That really hurt!
* * * LOW HITPOINT WARNING * * *
You hit the ogre.
The ogre is moderately wounded.
You hit the ogre.
The ogre is moderately wounded.
The ogre misses you.
The orc priest invokes the aid of Beogh against you.
Beogh smites you!
You die...

##<## #.........# #...#
##.........# #.⌠.#
#..........# #...#
#..o.......# ##.##
#..........#
####.#######..........#
.##...##...##.........#
..'.⌠.'..⌠.>#...O....##
.##...##...###.[@....#
####'####### ##......#
###..#########.......#
.##.###.#............#
..#...<...####...##.##
....####### #...##*##
.#### #...# ## ##### #


You could see an ogre and an orc priest.

Vanquished Creatures
  A centaur skeleton (D:4)
  A worker ant (D:4)
  A gnoll (D:1)
  5 adders
  An adder skeleton (D:4)
  4 worms
  3 dart slugs (D:1)
  3 leopard geckos
  8 orcs
  6 giant cockroaches
  4 goblins
  2 hobgoblins
  3 jackals (D:1)
  10 kobolds
  3 quokkas
  7 bats
  A frilled lizard (D:1)
  11 rats
74 creatures vanquished.

Notes
Turn   | Place    | Note
-------+----------+-------------------------------------------
     0 | D:1      | equalderp2856 the Spriggan Fighter began the quest for the Orb.
     0 | D:1      | Reached XP level 1. HP: 11/11 MP: 2/2
   145 | D:1      | Reached XP level 2. HP: 10/16 MP: 3/3
   638 | D:1      | Reached XP level 3. HP: 12/19 MP: 4/4
   992 | D:1      | Reached skill level 5 in Dodging
  1907 | D:2      | Reached XP level 4. HP: 14/23 MP: 5/5
  2290 | D:2      | HP: 1/23 [adder (5)]
  2742 | D:2      | Found a faded altar of an unknown god.
  3279 | D:2      | Found a shadowy altar of Dithmenos.
  3784 | D:3      | Reached skill level 1 in Stealth
  4083 | D:3      | Reached XP level 5. HP: 24/28 MP: 6/6
  5357 | D:4      | Noticed an ogre
  5391 | D:4      | Noticed an ogre
  5417 | D:4      | Found a staircase to the Ecumenical Temple.
  5425 | Temple   | Entered the Ecumenical Temple
  5934 | D:4      | Killed from afar by an orc priest

Skill      XL: |  1  2  3  4  5 |
---------------+----------------+-----
Dodging        | 5 |  5.9
Short Blades   | 3 4 |  4.1
Stealth        | 1 2 |  2.4
Fighting       | |  2.9
Shields        | |  2.7

Action                   |  1- 3 |  4- 6 || total
-------------------------+-------+-------++-------
Melee: Rapier            |   111 |   191 ||   302
  Use: Potion            |       |     3 ||     3
       Scroll            |       |     5 ||     5
 Stab: Sleeping          |       |     3 ||     3
       Distracted        |       |     1 ||     1
  Eat: Bread ration      |       |     1 ||     1
       Fruit             |       |     1 ||     1
Armor: Robe              |     3 |     9 ||    12
Dodge: Dodged            |    66 |   131 ||   197
Block: Buckler           |    36 |    60 ||    96
